 Dungeon Crawl Stone Soup version 0.29-a0-284-gf9362112df (webtiles) character file.

Game seed: 4757572218497908278

19 sammy202020 the Skirmisher (level 2, 24/24 HPs)
             Began as a Demonspawn Berserker on Mar 31, 2022.
             Was a Follower of Trog.
             Quit the game on level 1 of the Dungeon.
             The game lasted 00:01:10 (1021 turns).

sammy202020 the Skirmisher (Demonspawn Berserker)   Turns: 1021, Time: 00:01:10

Health: 24/24      AC:  6    Str: 17    XL:     2   Next: 55%
Magic:  2/2        EV: 11    Int:  8    God:    Trog [*.....]
Gold:   52         SH:  0    Dex: 12    Spells: 1/1 levels left

rFire   . . .      SeeInvis .   a - +0 hand axe
rCold   . . .      Faith    .   (no shield)
rNeg    . . .      Spirit   .   f - +0 ring mail
rPois   .          Reflect  .   e - +0 helmet
rElec   .          Harm     .   (no cloak)
rCorr   .          Rampage  .   (no gloves)
Will    .....                   (no boots)
Stlth   +.........              (no amulet)
HPRegen 0.08/turn               (no ring)
MPRegen 0.08/turn               (no ring)

@: no status effects
A: demonic magic 1
a: Renounce Religion, Berserk


You were on level 1 of the Dungeon.
You worshipped Trog.
Trog was aware of your devotion.
You visited 1 branch of the dungeon, and saw 1 of its levels.

You collected 52 gold pieces.

Inventory:

Hand Weapons
 a - a +0 hand axe (weapon)
Missiles
 c - 2 throwing nets (quivered)
Armour
 e - a +0 helmet (worn)
 f - a +0 ring mail (worn)
Potions
 d - a potion of heal wounds {unknown}


   Skills:
 * Level 3.2 Fighting
 * Level 3.0 Axes
 * Level 2.1 Armour
 + Level 2.0 Dodging


You had one spell level left.
You didn't know any spells.
Your spell library was empty.

Dungeon Overview and Level Annotations

Branches:
Dungeon (1/15)

Altars:


Innate Abilities, Weirdness & Mutations

Spells you cast may paralyse adjacent enemies.


Message History

Trog accepts your kill.
No target in view!
No target in view!
No target in view!
No target in view!
No target in view!
No target in view!
Found a chain mail.
You see here a +0 chain mail.
An endoplasm comes into view.
The endoplasm quivers.
The endoplasm closely misses you.
You slash the endoplasm!
You kill the endoplasm!
Trog accepts your kill.
Your life force feels restored.
Your Dodging skill increases to level 2!
No target in view!
No target in view!
No target in view!
No target in view!
No target in view!
No target in view!
No target in view!
No target in view!
No target in view!
No target in view!
No target in view!
No target in view!
There is an open door here.
You enter the shallow water.
Moving in this stuff is going to be slow.
You open the door.
There is an open door here.
You enter the shallow water.
Moving in this stuff is going to be slow.
You see here a +0 club.
Done exploring.
Done exploring.
Are you sure you want to abandon this character and quit the game? (Confirm with "yes".)

#...####.# #.# #.......#
#.### #)###.# #.#####.#
#.# #.....####.### #.#
#.######.######.....# #.#
#...>.......###.###.###..
########.##.....# #......
#.######.###.#####
#.######..†..#
#@.........###
############


There were no monsters in sight!

Vanquished Creatures
  3 bats (D:1)
  2 endoplasms (D:1)
  3 giant cockroaches (D:1)
  3 goblins (D:1)
  2 hobgoblins (D:1)
  A kobold (D:1)
  2 rats (D:1)
16 creatures vanquished.

Notes
Turn   | Place    | Note
-------+----------+-------------------------------------------
     0 | D:1      | sammy202020 the Demonspawn Berserker began the quest for
                  | the Orb.
     0 | D:1      | Reached XP level 1. HP: 18/18 MP: 1/1
    41 | D:1      | Found a faded altar of an unknown god.
   244 | D:1      | Gained mutation: Spells you cast may paralyse adjacent
                  | enemies. [demonic ancestry]
   244 | D:1      | Reached XP level 2. HP: 24/24 MP: 2/2
  1021 | D:1      | Quit the game

Illustrated notes

Levels and vault maps discovered:
D:1:      tarquinn_simple_flora_water_d, layout_loops_ring,
          ebering_ecumenical_altar_hall, minivault_4

Skill      XL: |  1  2 |
---------------+-------+-----
Armour         | 2 |  2.1
Axes           | 3 |  3.0
Dodging        | 2 |  2.0
Fighting       | |  3.2

Action                   || total
-------------------------++-------
Melee: Hand axe          ||    50
Armor: Animal skin       ||     8
       Ring mail         ||    10
Dodge: Dodged            ||    30

Table legend: (Time is in decaauts)
 A = Elapsed time spent in this place.
 B = Non-inter-level travel time spent in this place.
 C = Inter-level travel time spent in this place.
 D = Time resting spent in this place.
 E = Time spent auto-exploring this place.
 F = Levels seen in this place.
 G = Mean time per level.
                   A        B        C        D        E       F      G
               +--------+--------+--------+--------+--------+-----+--------+
         Total |   1031 |   1031 |      0 |      0 |    808 |   1 | 1031.0 |
       Dungeon |   1031 |   1031 |      0 |      0 |    808 |   1 | 1031.0 |
               +--------+--------+--------+--------+--------+-----+--------+

Top non-repeatable levels by time:
     D:1: 1031 daAuts
